 Dungeon Crawl Stone Soup version 0.19-a0-19-gf75ed07 (webtiles) character file.

563 M4edhros the Martial Artist (level 7, -3/51 HPs)
             Began as a Vampire Monk on Apr 30, 2016.
             Slain by an orc warrior
             ... wielding a +0 halberd
              (20 damage)
             ... on level 7 of the Dungeon.
             The game lasted 00:07:37 (1027 turns).

M4edhros the Martial Artist (Vampire Monk)          Turns: 1027, Time: 00:07:50

Health: -3/51      AC:  2    Str: 19    XL:     7   Next: 10%
Magic:  7/7        EV: 14    Int: 10    God:
Gold:   102        SH:  0    Dex: 17    Spells: 0 memorised, 6 levels left

rFire  . . .     SeeInvis +     m - +8 flail "Lifeizob" {flame, rC- Str+8 Int-3 Stlth+}
rCold  x . .     Gourm    .     a - +0 robe
rNeg   . . .     Faith    .     (no shield)
rPois  .         Spirit   .     (no helmet)
rElec  .         Dismiss  .     (no cloak)
rCorr  .         Reflect  .     (no gloves)
SustAt .         Harm     .     (no boots)
MR     .....                    (no amulet)
Stlth  +++.......               (no ring)
                                b - ring of loudness

@: very slightly contaminated, regenerating very quickly, not resistant to
hostile enchantments, fairly stealthy
A: fangs 3, see invisible, unbreathing
a: no special abilities


You were on level 7 of the Dungeon.
You were almost alive.

You visited 1 branch of the dungeon, and saw 7 of its levels.

You collected 102 gold pieces.

Inventory:

Hand Weapons
 m - the +8 flail "Lifeizob" (weapon) {flame, rC- Str+8 Int-3 Stlth+}
   (You found it on level 5 of the Dungeon)

   It has been specially enchanted to burn those struck by it, causing extra
   injury to most foes and up to half again as much damage against particularly
   susceptible opponents.
   It affects your strength (+8).
   It affects your intelligence (-3).
   It makes you vulnerable to cold.
   It makes you more stealthy.
 r - a +2 vampiric short sword
Missiles
 d - 6 tomahawks (quivered)
 e - 60 stones
Armour
 a - a +0 robe (worn)
 q - a cursed +0 scale mail
Jewellery
 b - a ring of loudness (left hand)
Scrolls
 c - 3 scrolls of fear
 f - 3 scrolls of remove curse
 g - a scroll of enchant weapon {unknown}
 h - a scroll of blinking {unknown}
 i - a scroll of noise
 j - a scroll of recharging
 k - a scroll of teleportation {unknown}
Potions
 l - 6 potions of blood
 o - a potion of degeneration {unknown}
 p - a potion of curing {unknown}
 s - a potion of brilliance {unknown}


   Skills:
 - Level 2.6 Fighting
 - Level 3.2 Dodging
 - Level 3.0 Stealth
 + Level 9.4 Unarmed Combat


You had 6 spell levels left.
You didn't know any spells.

Dungeon Overview and Level Annotations

Branches:
Dungeon (7/15)
 Temple: D:4-7

Altars:
Elyvilon
Makhleb

Annotations:
D:2 Natasha, Robin
D:6 Yehuk's ghost, novice DEFE


Innate Abilities, Weirdness & Mutations

Your natural rate of healing is extremely fast.
You have razor-sharp teeth.
You have supernaturally acute eyesight.
You can survive without breathing.


Message History

A wight comes into view. It is wielding an enchanted dagger.
You catch the helpless orc warrior completely off-guard!
You hit the orc warrior. You burn the orc warrior.
The orc warrior is heavily wounded.
The wight moves out of view.
The orc barely misses you.
A wight comes into view. It is wielding a long sword.
You sock the orc! You burn the orc.
You kill the orc!
A phantom comes into view.
You closely miss the orc warrior.
The orc warrior is heavily wounded.
The orc warrior misses you.
You completely miss the orc warrior.
The orc warrior is heavily wounded.
You flicker back into view.
The orc warrior hits you with a halberd!
The wight hits you with a short sword. The orc hits you.
The wight hits you with a short sword!
The orc warrior hits you with a halberd!!
You die...

.... .. ...##... ..>
..Z.#...##z..
##....#....W...
...............
##..###z.......
##.....#...Zz......
#..##....##@o....(.
##.##<.##....o...... ##
#..#..###........S..
..###.#.................
.........>..............
........)####...........
.........# #............
.........###............
................#.......


You could see a phantom, an orc warrior, 3 wights, an adder (wandering), an orc
and a quokka skeleton.

Vanquished Creatures
  2 phantoms (D:4)
  An ogre (D:5)
  A giant frog (D:6)
  A wyvern zombie (D:6)
  A hound (D:4)
  2 giant frog skeletons
  A worker ant (D:5)
  2 adders
  An adder skeleton (D:5)
  A worm (D:5)
  A dart slug (D:1)
  2 giant geckos
  9 orcs
  A bat (D:2)
  2 giant cockroaches
  5 goblins
  2 hobgoblins
  A quokka (D:5)
  2 ball pythons (D:2)
  A giant newt (D:1)
39 creatures vanquished.

Notes
Turn   | Place    | Note
--------------------------------------------------------------
     0 | D:1      | M4edhros the Vampire Monk began the quest for the Orb.
     0 | D:1      | Reached XP level 1. HP: 17/17 MP: 1/1
   120 | D:2      | Reached XP level 2. HP: 22/23 MP: 2/2
   124 | D:2      | Reached skill level 5 in Unarmed Combat
   136 | D:2      | Noticed Natasha
   165 | D:2      | Noticed a crimson imp
   212 | D:2      | Noticed Robin
   363 | D:5      | Entered Level 5 of the Dungeon
   440 | D:4      | Reached XP level 3. HP: 17/28 MP: 3/3
   453 | D:4      | Found a white marble altar of Elyvilon.
   469 | D:4      | Noticed a phantom
   479 | D:4      | Reached skill level 6 in Unarmed Combat
   535 | D:4      | Noticed a phantom
   541 | D:4      | Killed a phantom
   541 | D:4      | Reached skill level 7 in Unarmed Combat
   541 | D:4      | Reached XP level 4. HP: 16/34 MP: 4/4
   541 | D:4      | Reached XP level 5. HP: 19/39 MP: 5/5
   583 | D:4      | Killed a phantom
   601 | D:6      | Noticed Yehuk's ghost (novice DEFE)
   687 | D:5      | Found a burning altar of Makhleb.
   697 | D:5      | Got a brightly glowing flail
   704 | D:5      | Reached skill level 8 in Unarmed Combat
   704 | D:5      | Reached XP level 6. HP: 41/46 MP: 6/6
   772 | D:5      | Identified the +8 flail "Lifeizob" {flame, rC- Str+8 Int-3 Stlth+} (You found it on level 5 of the Dungeon)
   860 | D:6      | Reached skill level 9 in Unarmed Combat
   951 | D:6      | Reached XP level 7. HP: 34/51 MP: 7/7
  1027 | D:7      | Slain by an orc warrior

Vault maps used:
D:1:      eino_arrival_tree_alley, dk_noncrumbling_3
D:2:      old_standard_altar, uniq_robin, uniq_natasha
D:3:      first_bread
D:4:      marbit_many_paths, xom_teletrap_fun, kennysheep_mini,
          kennysheep_little_box, minmay_temple_entry_enclosed_plants,
          serial_shops, shop_statue
D:5:      lemuel_doored_altar, overflow_temple_1_default, st_stairs_7,
          uniq_crazy_yiuf_cottage
D:6:      kb_rosetta
D:7:      nemelex_xobeh_ov_fountains_minmay, gammafunk_temple_overflow_statue,
          lemuel_crystal_altar, nicolae_ossuary_entry_catacombs, uniq_menkaure,
          uniq_duvessa

Skill      XL: |  1  2  3  4  5  6 |
---------------+-------------------+-----
Unarmed Combat | 5 7 8 9 |  9.4
Fighting       | |  2.6
Dodging        | |  3.2
Stealth        | |  3.0

Action                   |  1- 3 |  4- 6 |  7- 9 || total
-------------------------+-------+-------+-------++-------
Melee: Unarmed           |    64 |    41 |       ||   105
       Bite              |     8 |    10 |     3 ||    21
       Flail             |       |    30 |    11 ||    41
       Punch             |       |     2 |       ||     2
Throw: Tomahawk          |     5 |       |       ||     5
       Stone             |     2 |       |       ||     2
  Use: Potion            |     9 |     3 |     1 ||    13
       Scroll            |     4 |       |       ||     4
 Stab: Invisible         |       |       |     1 ||     1
       Sleeping          |       |       |     1 ||     1
Armor: Robe              |     9 |     7 |       ||    16
Dodge: Dodged            |    40 |    51 |     7 ||    98
